 Dungeon Crawl Stone Soup version 0.31-a0-879-g1609e0ac53 (webtiles) character file.

Game seed: 5803903687535250232

2013 D12ThenQuit the Fighter (level 9, 0/68 HPs)
             Began as an Octopode Fighter on Oct 15, 2023.
             Was an Initiate of Dithmenos.
             Slain by a gnoll sergeant
             ... wielding a +0 spear
              (6 damage)
             ... on level 8 of the Dungeon.
             The game lasted 00:13:21 (6503 turns).

D12ThenQuit the Fighter (Octopode Fighter)          Turns: 6503, Time: 00:13:21

Health: 0/68       AC:  1    Str: 15    XL:     9   Next: 22%
Magic:  9/9        EV: 17    Int: 11    God:    Dithmenos [......]
Gold:   335        SH:  0    Dex: 15    Spells: 8/8 levels left

rFire   + . .        a - +1 dagger (venom)
rCold   . . .        K - orb {light}
rNeg    + . .        (helmet restricted)
rPois   .            f - amulet of magic regeneration
rElec   .            t - ring "Wajass" {Fly rF+ rN+ Slay+2 Stlth+}
rCorr   .            (no ring)
SInv    .            (no ring)
Will    .....        (no ring)
Stlth   ++           (no ring)
HPRegen 0.31/turn    (no ring)
MPRegen 0.51/turn    (no ring)
                     (no ring)

%: no passive effects
@: about to teleport, flying, glowing
A: almost no armour, amphibious, 8 rings, camouflage 1, gelatinous body 1,
(nimble swimmer 1), tentacles
a: Renounce Religion


You were on level 8 of the Dungeon.
You worshipped Dithmenos.
Dithmenos was noncommittal.
You visited 2 branches of the dungeon, and saw 9 of its levels.

You collected 365 gold pieces.
You spent 30 gold pieces at shops.

Inventory:

Hand Weapons
 a - a +1 dagger of venom (weapon)
 r - a +3 whip
 w - a +0 long sword
 B - a +0 sling
Missiles
 v - a poisoned dart
Armour
 b - a +0 buckler
 K - an orb of light (worn)
Jewellery
 f - an amulet of magic regeneration (around mantle)
 m - a +6 ring of intelligence
 t - the ring "Wajass" (left tentacle) {Fly rF+ rN+ Slay+2 Stlth+}
   (You found it on level 3 of the Dungeon)

   [ring of positive energy]

   Slay+2:    It affects your accuracy & damage with ranged weapons and melee
   (+2).
   rF+:       It protects you from fire.
   rN+:       It protects you from negative energy.
   Fly:       It grants you flight.
   Stlth+:    It makes you more stealthy.
 x - a ring of protection from fire
 z - the amulet "Zoaluhyg" {Faith rF++}
   (You found it on level 5 of the Dungeon)

   [amulet of faith]

   Faith:     It allows you to gain divine favour quickly.
   rF++:      It greatly protects you from fire.
 F - a ring of willpower
 H - an amulet of guardian spirit
Wands
 y - a wand of flame (10) (quivered)
 G - a wand of polymorph (25)
 J - a wand of roots (6)
Scrolls
 e - 5 scrolls of teleportation
 j - a scroll of fog
 l - a scroll of vulnerability
 o - a scroll of blinking
 p - 3 scrolls of fear
 A - 2 scrolls of enchant armour {unknown}
 C - 3 scrolls of revelation
 D - a scroll of amnesia {unknown}
 E - a scroll of immolation {unknown}
Potions
 c - a potion of might
 d - a potion of ambrosia
 g - a potion of mutation
 h - a potion of curing
 i - 4 potions of enlightenment
 k - 2 potions of heal wounds {unknown}
 n - a potion of lignification {unknown}
 q - a potion of haste {unknown}
 s - 2 potions of brilliance {unknown}
 u - a potion of berserk rage {unknown}
 I - a potion of cancellation {unknown}
 L - a potion of attraction {unknown}


   Skills:
 + Level 9.3 Fighting
 - Level 2.0 Long Blades
 + Level 7.7 Dodging
 - Level 5.0 Stealth
 - Level 3.0 Shields


You had 8 spell levels left.
You didn't know any spells.
Your spell library contained the following spells:

 Spells                   Type           Power      Damage    Failure   Level
 Ignite Poison            Fire/Tmut/Pois 0%         N/A       71%         3
 Sticky Flame             Conj/Fire      0%         2d3       98%         4
 Ignition                 Fire           0%         3d3       100%        8


Dungeon Overview and Level Annotations

Branches:
Dungeon (8/15)             Temple (1/1) D:7
   Lair: D:8-11

Altars:
Ashenzari
Cheibriados
Dithmenos
Elyvilon
Fedhas
Gozag
Hepliaklqana
Kikubaaqudgha
Makhleb
Nemelex Xobeh
Okawaru
Qazlal
Ru
Sif Muna
Trog
Uskayaw
Vehumet
Wu Jian
Xom
Yredelemnul
Zin
The Shining One

Shops:
D:1 !

Annotations:
D:5 Sigmund


Innate Abilities, Weirdness & Mutations

You cannot wear most types of armour.
You are amphibious.
You can wear up to eight rings at the same time.
Your skin changes colour to match your surroundings (Stealth+).
Your rubbery body absorbs attacks. (AC +1, EV +1)
((You are camouflaged when in or above water. (Stealth+)))
You have tentacles for arms and can constrict up to eight enemies at once.


Message History

You fly downwards.
There is a stone staircase leading up here.
Found a stone staircase leading up.
Found a maw talisman.
Search for what [Enter for "weap", or ? for help]? oka Unknown command.
You now have 335 gold pieces (gained 13).
You see here a maw talisman.
A shadow comes into view.
A bullfrog and an orc come into view.
A gnoll sergeant and a gnoll come into view.
The gnoll sergeant shouts!
You hear a shout!
A gnoll comes into view. It is wielding a +0 club.
The bullfrog gives a loud, deep croak!
A gnoll comes into view. It is wielding a +0 spear.
You barely miss the shadow.
The gnoll shouts!
The shadow hits you!
You hit the shadow.
The shadow is lightly damaged.
The shadow hits you!
You hit the shadow but do no damage.
The shadow is lightly damaged.
The shadow barely misses you. The gnoll sergeant misses you.
As you read the scroll of teleportation, it crumbles to dust.
You feel strangely unstable. The shadow hits you!
The gnoll sergeant hits you from afar with a +0 spear.
The gnoll hits you with a +0 whip.
You hit the shadow but do no damage.
The shadow is lightly damaged.
The shadow hits you!
* * * LOW HITPOINT WARNING * * *
The gnoll sergeant hits you from afar with a +0 spear!
* * * LOW HITPOINT WARNING * * *
The gnoll hits you with a +0 whip.
* * * LOW HITPOINT WARNING * * *
You feel better. The shadow hits you!
* * * LOW HITPOINT WARNING * * *
The gnoll sergeant hits you from afar with a +0 spear.
You die...

. ...# .# .....#
...# .###W#..#
#....## ...#.#?.# #
#....###F......#
..# #....###.....#
....###....###.#.#
#...g###....#.#.#
#ggg@WF.......#
#############.#
###### ###.#
#....###...#
########........###
#........%...####
#............#
#........#...#
#........#####


You could see a gnoll sergeant, a shadow, a bullfrog and 3 gnolls.

Vanquished Creatures
  Eustachio (D:4)
  2 steam dragons
  2 water moccasins
  An orc warrior (D:6)
  A sky beast (D:7)
  A black bear (D:5)
  2 ogres (D:6)
  A phantom (D:7)
  A kobold brigand (D:6)
  2 scorpions
  4 hounds
  3 orc priests
  Crazy Yiuf (D:4)
  A jelly (D:7)
  Jessica (D:3)
  A sleepcap (D:4)
  Terence (D:2)
  4 iguanas
  2 orc wizards
  7 adders
  2 white imps
  4 ufetubi
  4 worms
  4 dart slugs
  12 orcs
  7 ball pythons
  8 bats
  5 endoplasms
  2 giant cockroaches (D:2)
  7 goblins
  7 hobgoblins
  11 jackals
  5 quokkas
  18 kobolds
  5 rats
140 creatures vanquished.

Vanquished Creatures (others)
  An orc (D:6)
1 creature vanquished.

Grand Total: 141 creatures vanquished

Notes
Turn   | Place    | Note
-------+----------+-------------------------------------------
     0 | D:1      | D12ThenQuit the Octopode Fighter began the quest for the
                  | Orb.
     0 | D:1      | Reached XP level 1. HP: 16/16 MP: 1/1
   153 | D:1      | Reached XP level 2. HP: 21/21 MP: 2/2
   299 | D:1      | Found Goh Kion's Distillery.
   310 | D:1      | Bought a potion of curing for 30 gold pieces
   405 | D:1      | Reached skill level 4 in Fighting
   415 | D:1      | Reached XP level 3. HP: 19/27 MP: 3/3
   690 | D:2      | Noticed Terence
   904 | D:2      | Reached XP level 4. HP: 34/34 MP: 4/4
   989 | D:2      | Reached skill level 5 in Fighting
  1428 | D:3      | Found a stormy altar of Qazlal.
  1690 | D:3      | Found an opulent altar of Gozag.
  1693 | D:3      | Found a white marble altar of Elyvilon.
  1697 | D:3      | Found a basalt altar of Yredelemnul.
  1759 | D:3      | Identified the ring "Wajass" {Fly rF+ rN+ Slay+2 Stlth+}
  2071 | D:3      | Noticed Jessica
  2074 | D:3      | Killed Jessica
  2075 | D:3      | Reached XP level 5. HP: 39/39 MP: 5/5
  2441 | D:4      | Noticed Eustachio
  2454 | D:4      | Killed Eustachio
  2455 | D:4      | Reached skill level 5 in Stealth
  2455 | D:4      | Reached XP level 6. HP: 31/46 MP: 6/6
  2579 | D:2      | Killed Terence
  2862 | D:4      | Reached skill level 6 in Fighting
  3107 | D:4      | Found a runed translucent door.
  3108 | D:4      | Noticed Crazy Yiuf
  3194 | D:4      | Reached XP level 7. HP: 37/53 MP: 7/7
  3566 | D:4      | Killed Crazy Yiuf
  3593 | D:5      | Entered Level 5 of the Dungeon
  3857 | D:5      | Reached skill level 7 in Fighting
  3938 | D:5      | Identified the amulet "Zoaluhyg" {Faith rF++}
  3953 | D:5      | Noticed Sigmund
  4045 | D:5      | Found a broken altar of Ashenzari.
  4081 | D:5      | Reached skill level 5 in Dodging
  4111 | D:6      | Reached XP level 8. HP: 29/60 MP: 8/8
  4519 | D:6      | Reached skill level 8 in Fighting
  4920 | D:6      | Found a shimmering altar of Xom.
  5298 | D:7      | Found a staircase to the Ecumenical Temple.
  5307 | Temple   | Entered the Ecumenical Temple
  5349 | Temple   | Became a worshipper of Dithmenos the Shadowed
  5385 | D:7      | Reached skill level 9 in Fighting
  5385 | D:7      | Reached XP level 9. HP: 52/68 MP: 9/9
  6388 | D:7      | Found an ornate altar of the Wu Jian Council.
  6503 | D:8      | Slain by a gnoll sergeant

Illustrated notes

Levels and vault maps discovered:
D:1:      nzn_arrival_depleted_hourglass, layout_basic, serial_shops, shop
D:2:      layout_loops_ring, uniq_terence
D:3:      layout_loops_corners, nicolae_qazlal_scattered_showers,
          grunt_temple_overflow_diamond, uniq_jessica
D:4:      layout_basic, uniq_crazy_yiuf_cottage, uniq_eustachio
D:5:      layout_cave_pools, nicolae_ashenzari_panopticon, st_stairs_1,
          minivault_24, uniq_grinder, uniq_sigmund, uniq_prince_ribbit1
D:6:      layout_rooms, xom_teletrap_fun
D:7:      layout_layer_cave, nicolae_wu_jian_glorious_leap,
          minmay_temple_entry_drinking_statues
D:8:      minmay_tri_box, layout_basic
Temple:   bh_familiar_temple

Skill      XL: |  1  2  3  4  5  6  7  8 |
---------------+-------------------------+-----
Fighting       | 4 5 6 7 9 |  9.3
Stealth        | 2 5 |  5.0
Dodging        | 5 7 |  7.7
Long Blades    | |  2.0
Shields        | |  3.0

Action                     |  1- 3 |  4- 6 |  7- 9 || total
---------------------------+-------+-------+-------++-------
  Melee: Long sword        |    81 |    46 |     5 ||   132
         Constrict         |    22 |    22 |    34 ||    78
         Tentacles         |    19 |    20 |    44 ||    83
         Punch             |     1 |       |     5 ||     6
         Dagger            |       |    35 |   136 ||   171
  Throw: Dart              |       |       |     2 ||     2
  Evoke: Wand              |       |       |     3 ||     3
    Use: Scroll            |       |     4 |     5 ||     9
         Potion            |       |       |     4 ||     4
   Stab: Sleeping          |     8 |    10 |     9 ||    27
 Armour: Skin              |    19 |    25 |    83 ||   127
  Dodge: Dodged            |    46 |    48 |    68 ||   162
  Block: Buckler           |    16 |    13 |    20 ||    49

Table legend: (Time is in decaauts)
 A = Elapsed time spent in this place.
 B = Non-inter-level travel time spent in this place.
 C = Inter-level travel time spent in this place.
 D = Time resting spent in this place.
 E = Time spent auto-exploring this place.
 F = Levels seen in this place.
 G = Mean time per level.
                   A        B        C        D        E       F      G
               +--------+--------+--------+--------+--------+-----+--------+
         Total |   6543 |   6303 |    240 |    950 |   3594 |   9 |  727.0 |
       Dungeon |   6489 |   6249 |    240 |    950 |   3594 |   8 |  811.1 |
        Temple |     54 |     54 |      0 |      0 |      0 |   1 |   54.0 |
               +--------+--------+--------+--------+--------+-----+--------+

Top non-repeatable levels by time:
     D:7: 1419 daAuts
     D:3: 1085 daAuts
     D:4: 1065 daAuts
     D:2: 894 daAuts
     D:6: 890 daAuts
     D:1: 630 daAuts
     D:5: 456 daAuts
  Temple: 54 daAuts
     D:8: 47 daAuts
